 Dungeon Crawl Stone Soup version 0.24.1-4-ge52af88ad5 (webtiles) character file.

Game seed: 64484343139664606, levelgen mode: deterministic

102 MaYaM the Poker (level 4, 0/34 HPs)
             Began as a Merfolk Gladiator on Apr 21, 2020.
             Succumbed to a scorpion's poison
             ... on level 2 of the Dungeon.
             The game lasted 00:10:27 (1741 turns).

MaYaM the Poker (Merfolk Gladiator)                 Turns: 1741, Time: 00:10:28

Health: 0/34       AC:  4    Str: 15    XL:     4   Next: 77%
Magic:  4/4        EV: 14    Int:  7    God:
Gold:   34         SH:  0    Dex: 15    Spells: 3/3 levels left

rFire    . . .     SeeInvis .   a - +0 trident
rCold    . . .     Gourm    .   (no shield)
rNeg     . . .     Faith    .   b - +0 leather armour
rPois    .         Spirit   .   c - +0 helmet
rElec    .         Reflect  .   (no cloak)
rCorr    .         Harm     .   (no gloves)
MR       .....                  (no boots)
Stlth    +.........             (no amulet)
HPRegen  0.11/turn              (no ring)
MPRegen  0.09/turn              (no ring)

@: lethally poisoned (0 -> -3)
A: change form in water, swift swim, stealthy swim
a: no special abilities


You were on level 2 of the Dungeon.
You were completely stuffed.

You visited 1 branch of the dungeon, and saw 2 of its levels.

You collected 34 gold pieces.

Inventory:

Hand Weapons
 a - a +0 trident (weapon)
Missiles
 d - 2 throwing nets (quivered)
Armour
 b - a +0 leather armour (worn)
 c - a +0 helmet (worn)
 e - a +0 pair of boots
 i - a +0 cloak
 j - a +0 ring mail
Scrolls
 k - a scroll of noise {unknown}
Comestibles
 f - a chunk of flesh


   Skills:
 + Level 2.5 Fighting
 + Level 6.0 Polearms
 + Level 2.3 Throwing
 + Level 1.1 Armour
 + Level 4.8 Dodging
 + Level 0.4 Stealth


You had 3 spell levels left.
You didn't know any spells.
Your spell library was empty.

Dungeon Overview and Level Annotations

Branches:
Dungeon (2/15)

Altars:

Annotations:
D:2 Robin


Message History

The scorpion is severely wounded.
* * * LOW HITPOINT WARNING * * *
You feel sick. The scorpion closely misses you.
You hit the scorpion.
You kill the scorpion!
Your Polearms skill increases to level 6!
Your Armour skill increases to level 1!
You have reached level 4!
* * * LOW HITPOINT WARNING * * *
You feel sick.
There is a lethal amount of poison in your body!
There is a lethal amount of poison in your body!
There is a lethal amount of poison in your body!
A giant cockroach comes into view.
You see here a scroll labeled ILUCSU TOISSUE.
* * * LOW HITPOINT WARNING * * *
You feel sick.
* * * LOW HITPOINT WARNING * * *
You feel sick.
You die...

#....###...####...
###.[............
#.....?.####..###
#..##..### ##..#
##...# ##รท#
##..#.# #.#
###..##...#####.##
#...## ##.........
#@### ###.<.<...
#....# #.......
###### #.......
#....... ########


There were no monsters in sight!

Vanquished Creatures
  A scorpion (D:2)
  An adder (D:2)
  2 oozes
  A dart slug (D:1)
  A leopard gecko (D:1)
  4 giant cockroaches (D:1)
  5 hobgoblins
  2 jackals (D:1)
  2 kobolds (D:1)
  A ball python (D:1)
  5 bats (D:1)
  6 goblins
  2 rats (D:1)
33 creatures vanquished.

Notes
Turn   | Place    | Note
-------+----------+-------------------------------------------
     0 | D:1      | MaYaM the Merfolk Gladiator began the quest for the Orb.
     0 | D:1      | Reached XP level 1. HP: 16/16 MP: 1/1
   481 | D:1      | Reached XP level 2. HP: 22/22 MP: 2/2
   566 | D:1      | Reached skill level 5 in Polearms
   599 | D:1      | Reached XP level 3. HP: 16/27 MP: 3/3
  1308 | D:2      | Noticed Robin
  1715 | D:2      | Noticed a scorpion
  1733 | D:2      | Killed a scorpion
  1733 | D:2      | Reached skill level 6 in Polearms
  1733 | D:2      | Reached skill level 1 in Armour
  1733 | D:2      | Reached XP level 4. HP: 3/34 MP: 4/4
  1736 | D:2      | HP: 1/34 [poisoned by a scorpion]
  1741 | D:2      | Succumbed to a scorpion's poison

Levels and vault maps discovered:
D:1:      minmay_arrival_checkered_box, layout_basic, feat_on_display
D:2:      layout_rooms, nicolae_overflow_crystal_walls, uniq_robin

Skill      XL: |  1  2  3 |
---------------+----------+-----
Polearms       | 5 6 |  6.0
Armour         | 1 |  1.1
Fighting       | |  2.5
Throwing       | |  2.3
Dodging        | |  4.8
Stealth        | |  0.4

Action                   |  1- 3 |  4- 6 || total
-------------------------+-------+-------++-------
Melee: Trident           |   110 |       ||   110
Throw: Throwing net      |     1 |       ||     1
  Use: Potion            |     1 |       ||     1
  Eat: Ration            |     3 |       ||     3
       Chunk             |     2 |       ||     2
Armor: Leather armour    |    20 |       ||    20
Dodge: Dodged            |    67 |       ||    67
